 Dungeon Crawl Stone Soup version 0.29-a0-330-g52719c12eb (webtiles) character file.

Game seed: 12730763165610369206

2 Crownlay the Digger (level 1, 0/11 HPs)
             Began as an Octopode Earth Elementalist on May 8, 2022.
             Slain by a hobgoblin (4 damage)
             ... on level 1 of the Dungeon.
             The game lasted 00:00:20 (74 turns).

Crownlay the Digger (Octopode Earth Elementalist)     Turns: 74, Time: 00:00:21

Health: 0/11       AC:  1    Str:  7    XL:     1   Next: 40%
Magic:  0/3        EV: 13    Int: 17    God:
Gold:   0          SH:  0    Dex: 12    Spells: 3/4 levels left

rFire   . . .      SeeInvis .   (no weapon)
rCold   . . .      Faith    .   (no shield)
rNeg    . . .      Spirit   .   (helmet restricted)
rPois   .          Reflect  .   (no amulet)
rElec   .          Harm     .   (no ring)
rCorr   .          Rampage  .   (no ring)
Will    .....                   (no ring)
Stlth   +++.......              (no ring)
HPRegen 0.03/turn               (no ring)
MPRegen 0.08/turn               (no ring)
                                (no ring)
                                (no ring)

@: very slightly contaminated
A: almost no armour, amphibious, 8 rings, camouflage 1, gelatinous body 1,
(nimble swimmer 1), tentacles
a: no special abilities


You were on level 1 of the Dungeon.
You visited 1 branch of the dungeon, and saw 1 of its levels.

Inventory:

Missiles
 a - 28 stones
Potions
 b - a potion of magic
 c - a potion of lignification {unknown}


   Skills:
 - Level 2.0 Dodging
 - Level 2.6 Stealth
 + Level 2.0 Spellcasting
 - Level 1.0 Transmutations
 * Level 3.1 Earth Magic


You had 3 spell levels left.
You knew the following spells:

 Your Spells              Type           Power      Damage    Failure   Level
a - Sandblast             Erth           24%        2d8       5%          1

Your spell library contained the following spells:

 Spells                   Type           Power      Damage    Failure   Level
 Passwall                 Tmut/Erth      6%         N/A       12%         2
 Stone Arrow              Conj/Erth      14%        3d7       30%         3
 Petrify                  Tmut/Erth      8%         N/A       63%         4


Dungeon Overview and Level Annotations

Branches:
Dungeon (1/15)

Altars:


Innate Abilities, Weirdness & Mutations

You cannot wear most types of armour.
You are amphibious.
You can wear up to eight rings at the same time.
Your skin changes colour to match your surroundings (Stealth+).
Your rubbery body absorbs attacks. (AC +1, EV +1)
((You are camouflaged when in or above water. (Stealth+)))
You have tentacles for arms and can constrict up to eight enemies at once.


Message History

You closely miss the kobold. Your grab misses the kobold.
You squeeze the kobold.
You kill the kobold!
No target in view!
No target in view!
No target in view!
No target in view!
You see here a +0 club.
c - a fuming brown potion A quokka comes into view.
A ball python and a hobgoblin come into view.
The hobgoblin shouts!
The quokka closely misses you. x2
You closely miss the quokka.
The ball python hisses angrily.
You grab the quokka.
You squeeze the quokka, but do no damage.
You constrict the quokka, but do no damage.
The quokka barely misses you. The hobgoblin misses you.
You tentacle-slap the quokka but do no damage.
You constrict the quokka, but do no damage.
The quokka misses you.
The hobgoblin hits you but does no damage.
You completely miss the quokka. Your squeeze misses the quokka.
You constrict the quokka, but do no damage.
The quokka bites you. The hobgoblin barely misses you.
You release your grip on the quokka.
The quokka attacks as you move away! The quokka closely misses you.
The quokka closely misses you.
The blast of sand hits the quokka.
You kill the quokka!
The blast of sand hits the ball python!
You kill the ball python!
You miscast Sandblast.
You are very lightly contaminated with residual magic.
Nothing appears to happen.
The hobgoblin hits you.
You barely miss the hobgoblin. You grab the hobgoblin.
You constrict the hobgoblin, but do no damage.
The hobgoblin hits you.
You die...

#.#..#
#.#######..#.#
.............#
#.#######...####
#. #.....##.## #.
#.#..##...## #.
#.#..#≈.<.≈#
#.#####.####≈...≈#
#.g@...#
#≈...≈####
#.#####.#
#≈...≈#... #. #.#
#≈...≈#.## #. #.#
##...##.# .. #.#
#...#..# ## #.#
+8.8'.## #.#
##.#### ..# #.#
#+#


You could see a hobgoblin.

Vanquished Creatures
  A quokka (D:1)
  A ball python (D:1)
  A kobold (D:1)
3 creatures vanquished.

Notes
Turn   | Place    | Note
-------+----------+-------------------------------------------
     0 | D:1      | Crownlay the Octopode Earth Elementalist began the quest
                  | for the Orb.
     0 | D:1      | Reached XP level 1. HP: 11/11 MP: 3/3
    74 | D:1      | Slain by a hobgoblin

Illustrated notes

Levels and vault maps discovered:
D:1:      wander_arrival_chamber, layout_loops_ring, grunt_decor_fettered

Action                   || total
-------------------------++-------
Melee: Unarmed           ||     5
       Constrict         ||     2
       Tentacles         ||     2
 Cast: Sandblast         ||     2
Armor: Skin              ||     1
Dodge: Dodged            ||     9

Table legend: (Time is in decaauts)
 A = Elapsed time spent in this place.
 B = Non-inter-level travel time spent in this place.
 C = Inter-level travel time spent in this place.
 D = Time resting spent in this place.
 E = Time spent auto-exploring this place.
 F = Levels seen in this place.
 G = Mean time per level.
                   A        B        C        D        E       F      G
               +--------+--------+--------+--------+--------+-----+--------+
         Total |     74 |     74 |      0 |      0 |     53 |   1 |   74.0 |
       Dungeon |     74 |     74 |      0 |      0 |     53 |   1 |   74.0 |
               +--------+--------+--------+--------+--------+-----+--------+

Top non-repeatable levels by time:
     D:1: 74 daAuts
